Cogmind - Beta 16.1 @@@ ROGUE MODE // 2026.04.30 @ 03:00:43 Player: Lazz Result: Destroyed by D-53 Grenadier with Mini Grenade Launcher Performance ------------- Evolutions (0) 0 Regions Visited (2) 400 Robots Destroyed (22) 110 Value Destroyed (461) 461 Prototype IDs (0) 0 Alien Tech Used (0) 0 Bonus (0) 0 TOTAL SCORE: 971 Bonus ------- None Cogmind --------- Core Integrity 0/250 Matter 275/300 Energy 48/100 System Corruption 0% Temperature Cool (0) Movement Walking (120) Location -10/Mines Parts ------- > --- POWER (1) -------- (None) > --- PROPULSION (2) --- Improved Aluminum Leg Improved Aluminum Leg > --- UTILITY (2) ------ Large Storage Unit Improved Terrain Scanner > --- WEAPON (2) ------- Makeshift Axe > --- INVENTORY (15) --- Aluminum Leg Aluminum Leg Light Assault Rifle Light Assault Rifle Heavy Assault Rifle Heavy Assault Rifle Heavy Assault Rifle Autogun Autogun Autogun Mining Laser Peak State ------------ > --- POWER ------------ Ion Engine > --- PROPULSION ------- Improved Aluminum Leg Improved Aluminum Leg > --- UTILITY ---------- Large Storage Unit Improved Terrain Scanner > --- WEAPON ----------- Heavy Assault Rifle Autogun > --- INVENTORY -------- Aluminum Leg Aluminum Leg Improved Aluminum Leg Improved Aluminum Leg Light Assault Rifle Light Assault Rifle Heavy Assault Rifle Heavy Assault Rifle Heavy Assault Rifle Autogun Autogun Autogun Mining Laser Makeshift Axe [Rating: 15] Favorites ----------- Power Ion Engine Engine Ion Engine Propulsion Improved Aluminum Leg Leg Improved Aluminum Leg Utility Large Storage Unit Device Seismic Detector Storage Large Storage Unit Weapon Autogun Energy Gun EM Pulse Gun Ballistic Gun Autogun Slashing Weapon Makeshift Axe Build | -11 -10 -10 ------- Run | Yrd Mat Min Slots Evolved . | . . . Power . | . . . Propulsion . | . . . Utility . | . . . Weapon . | . . . Parts Attached 19 | 7 7 5 Power 2 | 1 . 1 Engine 2 | 1 . 1 Core . | . . . Reactor . | . . . Propulsion 7 | 2 3 2 Treads . | . . . Leg 7 | 2 3 2 Wheel . | . . . Hover . | . . . Flight . | . . . Utility 4 | 2 1 1 Device 2 | 1 . 1 Storage 2 | 1 1 . Processor . | . . . Hackware . | . . . Protection . | . . . Artifact . | . . . Weapon 6 | 2 3 1 Energy Gun 2 | 2 . . Energy Cannon . | . . . Ballistic Gun 3 | . 3 . Ballistic Cannon . | . . . Launcher . | . . . Special Weapon . | . . . Impact Weapon . | . . . Slashing Weapon 1 | . . 1 Piercing Weapon . | . . . Special Melee Weapon . | . . . Unidentified Prototypes . | . . . Parts Lost 8 | . 3 5 Power 2 | . 1 1 Propulsion 3 | . 1 2 Utility 1 | . 1 . Weapon 2 | . . 2 Highest Loss Streak 5 | . 3 5 To Critical Strikes . | . . . Average Backups 11 | 1 7 14 Power . | . . . Propulsion 2 | . 1 4 Utility . | . 1 . Weapon 7 | 1 5 9 Tool/Special . | . . . Unused Backups 8 | . . 8 Power . | . . . Propulsion . | . . . Utility . | . . . Weapon 8 | . . 8 Tool/Special . | . . . Average Slot Usage (%) 86 | . 87 85 Engine 10 | . 8 12 Leg 27 | . 27 27 Device 4 | . 8 2 Storage 14 | . 14 14 Energy Gun 2 | . 6 . Ballistic Gun 25 | . 21 27 Peak Build Rating 15 | 7 11 15 Average Rating 10 | 4 9 12 On Entrance 6 | . 7 11 Avg Prop Armor Cover (%) . | . . . Naked Turns . | . . . Heaviest Build 32 | 13 30 32 Greatest Support 26 | 20 26 26 Greatest Overweight (x) 2 | . 2 1 Average Overweight (x) . | . . . Largest Inventory Capacity 15 | 8 15 15 Average Capacity 14 | 6 14 15 Most Carried 15 | 3 14 15 Average Carried 11 | 1 7 14 Final Capacity 15 | 8 15 15 Final Carried 14 | 3 14 11 Class Distribution -------------------- 100% | Mutant Dominant Class ---------------- Mutant | -10/Materials Mutant | -10/Mines Resources | -11 -10 -10 ----------- Run | Yrd Mat Min Matter Collected 759 | 175 348 236 Remotely . | . . . Salvage Created 708 | 109 331 268 Parts 39 | 8 16 15 Haulers Intercepted . | . . . Recyclers Shooed . | . . . Parts Field Recycled . | . . . Retrieved Matter . | . . . Parts Self-Destructed . | . . . Prevented . | . . . Parts Restored . | . . . Kills | -11 -10 -10 ------- Run | Yrd Mat Min Combat Hostiles Destroyed 17 | . 9 8 Guns 17 | . 9 8 Classes Destroyed 6 | 2 4 . Builder 1 | . 1 . Tunneler 1 | 1 . . Recycler 2 | 1 . 1 Watcher 1 | . 1 . Swarmer 9 | . 3 6 Grunt 8 | . 6 2 Best Kill Streak 3 | 2 3 3 Combat Bots Only 3 | . 3 3 Max Kills in Single Turn 2 | 1 2 2 Gunslinging 1 | . 1 . Exploded . | . . . Melee . | . . . Uniques/NPCs Destroyed . | . . . Combat | -11 -10 -10 -------- Run | Yrd Mat Min Hostile Shots Fired 107 | . 46 61 Missed 27 | . 12 15 Hits 80 | . 34 46 Projectile 80 | . 34 46 AOE 11 | . . 11 Critical Strikes 1 | . 1 . Damage Taken 1183 | 4 439 740 Core 252 | . 62 190 Absorbed by Shields . | . . . Core Remaining (%) 100 | 100 . . Volleys Fired 62 | 2 37 23 Largest 2 | 2 2 2 Hottest 90 | 90 90 46 Shots Fired 122 | 4 73 45 Gun 122 | 4 73 45 Cannon . | . . . Launcher . | . . . Special . | . . . Kinetic 113 | . 68 45 Thermal 4 | 2 2 . Explosive . | . . . Electromagnetic 5 | 2 3 . Robot Hit Streak 12 | 3 9 12 Robot Miss Streak 8 | . 5 8 Penetration Max . | . . . Secondary Targets 3 | . 2 1 Max Gunslinging Chain 1 | . 1 1 Shots Hit Robots 77 | 3 48 26 Core Hits 30 | 3 15 12 Critical Kills 1 | . . 1 Critical Parts Destroyed 1 | . . 1 Critical Strikes 2 | . . 2 Destroy 2 | . . 2 Melee Attacks 3 | . . 3 Impact . | . . . Slashing 3 | . . 3 Piercing . | . . . Sneak Attacks . | . . . Combat Hostiles . | . . . Follow-up Attacks . | . . . Damage Inflicted 1203 | 58 727 418 Guns 1140 | 30 727 383 Cannons . | . . . Explosions 28 | 28 . . Melee 35 | . . 35 Ramming . | . . . Kinetic 1090 | . 707 383 Thermal 28 | 28 . . Explosive . | . . . Electromagnetic 50 | 30 20 . Impact . | . . . Slashing 35 | . . 35 Piercing . | . . . Highest Corruption . | . . . Average Corruption . | . . . Corruption Purged . | . . . Corruption Blocked . | . . . Overload Shots . | . . . Overflow Damage . | . . . Projectiles . | . . . Explosions . | . . . Melee . | . . . Knockbacks . | . . . Impact . | . . . Kinetic . | . . . Secondary . | . . . Self-Inflicted Damage 4 | 4 . . Shots 1 | 1 . . Rammed . | . . . Targets Rammed . | . . . Kicked . | . . . Crushed . | . . . Highest Temperature 72 | 72 60 12 Average Temperature 15 | 42 14 5 Received Heat Transfer 315 | . 240 75 Siege Activations . | . . . Martial Activations . | . . . Shielding Activations . | . . . Robots Disrupted . | . . . Combat Hostiles . | . . . Robots Corrupted . | . . . Combat Hostiles . | . . . Parts Fried . | . . . Impact Corruptions . | . . . Robots Melted . | . . . Combat Hostiles . | . . . Parts Melted . | . . . Heat Transferred 50 | 50 . . Parts Sabotaged . | . . . Parts Stolen . | . . . Parts Stripped . | . . . Power Chain Reactions 1 | 1 . . Alert | -11 -10 -10 ------- Run | Yrd Mat Min Maximum Alert Level . | . . . Low Security (%) 100 | 100 100 100 Level 1 . | . . . Level 2 . | . . . Level 3 . | . . . Level 4 . | . . . Level 5 . | . . . High Security . | . . . Max Security . | . . . Peak Influence 91 | 10 91 85 Initial . | . . . Average 25 | 1 40 19 Influence Increases 523 | 10 303 210 Destroy 0b10 Robot/C 340 | . 180 160 Destroy 0b10 Robot/NC 25 | 10 10 5 Destroy Leader 72 | . 42 30 Successful Hack 24 | . 24 . Disable Machine 30 | . 30 . Destroy Structure 2 | . 2 . Lose Combat Pursuer 30 | . 15 15 Influence Decreases 523 | 10 301 212 Entered New Map 2 | . . 2 Time Decay 442 | 10 222 210 Lost Part 30 | . 30 . Purge Threat 49 | . 49 . Squads Dispatched 1 | . 1 . Investigation . | . . . Extermination . | . . . Reinforcement 1 | . 1 . Assault . | . . . Garrison . | . . . Intercept . | . . . Searches Triggered . | . . . Construction Impeded . | . . . Haulers Reinforced . | . . . Active Scanning Responses . | . . . Cargo Convoy Interrupts . | . . . Stealth | -11 -10 -10 --------- Run | Yrd Mat Min Distress Signals 3 | . 3 . Communications Jammed . | . . . Distress Signals . | . . . Times Spotted 27 | . 16 11 Peak Tracking Total 3 | . 3 3 Tactical Retreats 2 | . 1 1 Traps | -11 -10 -10 ------- Run | Yrd Mat Min Traps Triggered . | . . . Indirectly . | . . . Trap Hack Attempts . | . . . Triggered . | . . . Disarmed . | . . . Reprogrammed . | . . . Reused . | . . . Traps Extracted . | . . . Installed 1 | . . 1 Triggered . | . . . Machines | -11 -10 -10 ---------- Run | Yrd Mat Min Machines Disabled 2 | . 2 . Max in Single Turn 1 | . 1 . Machines Repaired . | . . . Machines Dismantled . | . . . Machines Sabotaged . | . . . Overloaded Fab Kills . | . . . Hacking | -11 -10 -10 --------- Run | Yrd Mat Min Machines Accessed 2 | . 2 . Terminals 2 | . 2 . Fabricators . | . . . Repair Stations . | . . . Recycling Units . | . . . Scanalyzers . | . . . Garrison Access . | . . . Total Hacks 6 | . 6 . Successful 3 | . 3 . Failed 2 | . 2 . Catastrophic . | . . . Database Lockouts 1 | . 1 . Manual 2 | . 2 . Terminals 6 | . 6 . Fabricators . | . . . Repair Stations . | . . . Recycling Units . | . . . Scanalyzers . | . . . Garrison Access . | . . . Terminal Hacks 3 | . 3 . Robot Analysis 1 | . 1 . Unreport Threat 2 | . 2 . Fabricator Hacks . | . . . Repair Station Hacks . | . . . Recycling Unit Hacks . | . . . Scanalyzer . | . . . Garrison Access Hacks . | . . . Unauthorized Hacks . | . . . Terminals . | . . . Fabricators . | . . . Repair Stations . | . . . Recycling Units . | . . . Scanalyzers . | . . . Garrison Access . | . . . Data Cores Recovered . | . . . Used . | . . . Hacking Detections 1 | . 1 . Full Trace Events . | . . . Feedback Events . | . . . Feedback Blocked . | . . . Robot Schematics Acquired . | . . . Robots Built . | . . . Authchips . | . . . Time . | . . . Total Robot Build Rating . | . . . Part Schematics Acquired . | . . . Parts Built . | . . . Authchips . | . . . Time . | . . . Total Part Build Rating . | . . . Part Studies Acquired . | . . . Parts Repaired . | . . . Time . | . . . Parts Recycled . | . . . Recycled Matter . | . . . Retrieved Matter . | . . . Retrieved Components . | . . . Parts Scanalyzed . | . . . Part Schematics Acquired . | . . . Parts Damaged . | . . . Bothacking | -11 -10 -10 ------------ Run | Yrd Mat Min Used RIF Installer . | . . . Robots Hacked . | . . . Non-combat . | . . . Combat . | . . . Robot Hacks Applied . | . . . Relay Couplers Released . | . . . Fabnet Peak Effective % . | . . . Robots Rewired . | . . . Allies Hacked . | . . . Hacks Repelled . | . . . Allies | -11 -10 -10 -------- Run | Yrd Mat Min Total Allies . | . . . Largest Group . | . . . Highest-Rated Group . | . . . Highest-Rated Ally . | . . . Total Orders . | . . . Ally Attacks . | . . . Total Damage . | . . . Kills . | . . . Allies Corrupted . | . . . Allies Melted . | . . . Intel | -11 -10 -10 ------- Run | Yrd Mat Min Active Infowar (turns) 603 | 22 370 211 Terrain 211 | . . 211 Seismic 392 | 22 370 . Robot Analysis Total 1 | . 1 . Derelict Logs Recovered 3 | . . 3 Drone Launches . | . . . Drone Recoveries . | . . . Exploration | -11 -10 -10 ------------- Run | Yrd Mat Min Turns Passed 1877 | 89 647 1141 Spaces Moved 920 | 60 338 522 Core 5 | 5 . . Treads . | . . . Legs 915 | 55 338 522 Wheels . | . . . Hover . | . . . Flight . | . . . Fastest Speed 50 | 50 120 120 Average Speed 166 | 114 150 182 Slowest Speed 260 | 120 260 190 Overloaded Moves . | . . . Propulsion Burnouts . | . . . Robots Hopped . | . . . Potential Cave-ins . | . . . Cave-ins Triggered . | . . . Exploration Rate (%) 54 | 4 76 82 Regions Visited 2 Branch Regions 1 Pre-discovered Areas . | . . . Known Exits Taken . | . . . Unknown Exits Taken 2 | 1 1 . Scrap Searched 2 | . . 2 Spaces Dug . | . . . Terrain Destroyed . | . . . Melee . | . . . Projectile . | . . . AOE . | . . . Terrain Rammed . | . . . Walls Destroyed . | . . . Machines Disabled . | . . . Actions | -11 -10 -10 --------- Run | Yrd Mat Min Total 1153 | 73 414 666 Wait 135 | 2 22 111 Move 918 | 59 337 522 Hop . | . . . Pick Up 12 | 3 8 1 Fast Attach 11 | 7 3 1 Attach 4 | . . 4 Detach . | . . . Swap 4 | . 4 . Drop 3 | . 3 . Fire 62 | 2 37 23 Melee 3 | . . 3 Ram . | . . . Kick . | . . . Crush . | . . . Escape Stasis . | . . . Rewire . | . . . Trap 1 | . . 1 Miscellaneous . | . . . Route ------- -11/Scrapyard -10/Materials (discovered 4 exits: [*Mat x3] / [*Min]) -10/Mines (discovered 2 exits: [*Mat] / [*Sub]) History --------- Turn | Location | Event 4 | -11/Scrapyard | Discovered new exit (range 16) 90 | -11/Scrapyard | Entered Materials 96 | -10/Materials | Central database locked down 207 | -10/Materials | Discovered new exit (range 12) 310 | -10/Materials | Build established: Mutant 390 | -10/Materials | Discovered new exit (range 15) 513 | -10/Materials | Lost 3 parts (1p1n1u) 647 | -10/Materials | Discovered new exit (range 15) 731 | -10/Materials | Discovered new exit (range 6) 737 | -10/Materials | Entered Mines 740 | -10/Mines | Met a Derelict bent on vengeance 793 | -10/Mines | Learned Materials terminal intel 832 | -10/Mines | Found a hidden stash of uninstalled traps 1080 | -10/Mines | Discovered new exit (range 4) 1139 | -10/Mines | Learned 2 Materials zone layouts 1228 | -10/Mines | A weapon hastily lodged in a ceiling crevice suddenly fell to the ground 1490 | -10/Mines | Discovered new exit (range 13) 1617 | -10/Mines | Learned Materials security intel 1792 | -10/Mines | Assembled infested the area 1866 | -10/Mines | Core integrity fell below 50% 1870 | -10/Mines | Core integrity fell below 20% 1878 | -10/Mines | Destroyed by D-53 Grenadier with Mini Grenade Launcher Last Messages --------------- "What are you doing alone down here?" 01697_ R9-LA9(g): "Well, at least you look like you can take care of yourself!" 01699_ R9-LA9(g): "I have the funny feeling that things are about to get a lot worse around here, see you around!" 01699_ R9-LA9(g) slips back into the shadows. 01792_ ALERT: Infestation in the mines, dispatching Demolisher response squad. 01862_ C-45 Heavy ARC bursts open, deploying its payload. 01862_ D-53 Grenadier unfolds itself. 01863_ Autogun destroyed. 01863_ Imp. Aluminum Leg destroyed. 01863_ Ion Engine destroyed. 01867_ Hvy. Assault Rifle destroyed. 01867_ D-53 Grenadier destroyed. 01869_ Imp. Aluminum Leg destroyed. 01870_ The unstable cave ceiling collapses. 01874_ Matter Pump disabled. Map ----- +----------------------------------------------------+ | ?????????????????????????????????????????????????? | | ??????? ? ???????????????????????????????????????? | | ??????????????????????????????????????####???????? | | ?????????????????????????????????????## ##??????? | | ?? ???????? ?????????????????????????# #??????? | | ????????#????????????????????????????# ######## | | ??#???????????????????????????#?????## # | | ??????#####?????#?????????????? ???# ###### | | ??##### ##????????????????????# ### ##????### | | ?## #??????????????#?????# [#???????? | | ?# ##???????????????????# ##??????? | | ??# #####???????#?#?????###### ##?????? | | ???# ##?#???????#?????????## #?????? | | ???# ##?????#?????????????## #?????? | | ???# ##??#?????#??????##??#####?????? | | ???# ##??????????#??????????????????? | | ???# ## ## #????#?#??????????????????????? | | ??## ######### #??????????????#??????????????# | | ??# ##??????## ##????????????####????????????# | | ??# ##??#?????## ###?????##### ##???????????# | | ??###????????#??# ###### #???#???????# | | ???#?????????#?### #???????????# | | ?#????#??????????## #????????????? | | ???????????#??????# #?????????????? | | ???#????#??????????# #?##???? ??????? | | #??#????????????#??# d@ ##?????????????? | | ????????#??#?####### ##??? ????????? | | ???????????#### ## #???????????? | | ############# ## ##???????????? | | ### #??????????# | | #??## # #??????????# | | #### #???####### ##?????????# | | ##??##### #???### ## "" #?????????## | | #####??????## #??## """ ???????# | | ?????######## ##?## """ """ | | ?????# #### ## ### "?????# | | ?? ??# ####### ## ####?# ##?????????? | | ???? ??#????# ##???#### ###??????????? | | ?????????????# #????????###????????????? | | ############## #???????????????????????? | | # ##?#????????#????????????? | | # !! ##??????????#?#???????????? | | #### ! ##?????#????????####???????? | | ???## !! # ####???????????##?## ##??????? | | ????# ! ######????####????## #?# ##?????? | | ????## #????????## #??## #?# #####?? | | ?????## #######???????## ??# #?# #?? | | ??????# #?????????????# ?## #?# ## #?? | | ??????# #?????????????# ## #?## ## #?? | | ??????# #?????????????# ???## ## #?? | +----------------------------------------------------+ Best States ------------- Heat Dissipation 25 Energy Generation 10 Energy Capacity 250 Matter Stores 300 Matter Capacity 300 Sight Range 16 Terrain Scan Range 16 Terrain Scan Density 10 Evasion (%) 55 Item Schematics ----------------- None Robot Schematics ------------------ None Fabricated ------------ Nothing Repaired ---------- Nothing Studied --------- None Alien Tech Used ----------------- None Achievements -------------- None Challenges ------------ None Game ------ Seed FusionLaunchLaser Manual? 0 Play Time 00:09:39 Cumulative 179.7 hours Start 2026.04.30 @ 02:52:00 End 2026.04.30 @ 03:00:43 Sessions 1 Manual Loads 0 Difficulty Rogue Special Mode None Game No. 255 Rogue 255 Adventurer 0 Explorer 0 Win Type - Total 2 Types 1/0/0/1/0/0/0/0/0/0 Lore% 72 Gallery% 59 Achievement% 46 Wizard Run 0 Options --------- Layout 2 ASCII 0 Keyboard 0 Movement Mouse Keybinds 0 Fullscreen 1 Font 16/SmallcapsGlow Map View 50x49 Zoom Use 0% Tactical HUD 1 Map Filters NONE Filters NONE Steam SD RUN: c63406ae-815f-49dc-8274-f8d66bb821c5